NYP
BOISE HAWKS @ HILLSBORO HOPS
05/24/2046
 
TOP OF THE 1ST
Boise Hawks batting - Pitching for Hillsboro Hops : RHP John Gloe
Pitching: RHP John Gloe
Batting: LHB Steve Gilliam 0-0: Called Strike
0-1: Foul Ball, location: 2F
0-2: Ball
1-2: Ball
2-2: Foul Ball, location: 2F
2-2: Foul Ball, location: 2F
2-2: Ball
3-2: Foul Ball, location: 2F
3-2: Strikes out swinging
Batting: LHB Harry Folsom 0-0: Ball
1-0: Ball
2-0: Ball
3-0: Called Strike
3-1: Ground out 4-3 (Groundball, 34D, EV 101.2 MPH)
Batting: LHB Chris Salim 0-0: Ground out 4-3 (Groundball, 4, EV 106.9 MPH)
Top of the 1st over - 0 runs, 0 hits, 0 errors, 0 left on base; Boise 0 - Hillsboro 0
BOTTOM OF THE 1ST
Hillsboro Hops batting - Pitching for Boise Hawks : LHP Juan Rivera
Pitching: LHP Juan Rivera
Batting: RHB Wen-hua Lei 0-0: Ball
1-0: Ground out 6-3 (Groundball, 6, EV 85.0 MPH)
Batting: LHB Soo-yeon Kym 0-0: Ball
1-0: Ball
2-0: Called Strike
2-1: Called Strike
2-2: DOUBLE (Line Drive, 3D, EV 108.8 MPH)
Batting: RHB Antonio Luisa 0-0: Ball
1-0: Foul Ball, location: 2F
1-1: Swinging Strike
1-2: Ball
2-2: SINGLE (Line Drive, 78S, EV 101.9 MPH)
Soo-yeon Kym to third
Batting: RHB Ian Sousa 0-0: Ball
1-0: Ball
2-0: TRIPLE (Line Drive, 78XD, EV 102.5 MPH)
Soo-yeon Kym scores
Antonio Luisa scores
Batting: RHB Josh Burrows 0-0: Ball
1-0: Ball
2-0: Ball
3-0: Called Strike
3-1: Ground out 5-3 (Groundball, 56, EV 105.0 MPH)
Ian Sousa scores
Batting: SHB Blaine Peters 0-0: Foul Ball, location: 2F
0-1: Ball
1-1: Foul Ball, location: 2F
1-2: Ground out 6-3 (Groundball, 6, EV 88.1 MPH)
Bottom of the 1st over - 3 runs, 3 hits, 0 errors, 0 left on base; Boise 0 - Hillsboro 3
TOP OF THE 2ND
Boise Hawks batting - Pitching for Hillsboro Hops : RHP John Gloe
Batting: RHB Ryan Rinaldi 0-0: Foul Ball, location: 2F
0-1: Foul Ball, location: 2F
0-2: Ball
1-2: Ball
2-2: Foul Ball, location: 2F
2-2: Ball
3-2: Foul Ball, location: 2F
3-2: Foul Ball, location: 2F
3-2: SOLO HOME RUN (Flyball, 9D, EV 103.8 MPH), Distance : 416 ft
Batting: LHB Jeremy Brammer 0-0: Ball
1-0: Foul Ball, location: 2F
1-1: Swinging Strike
1-2: Strikes out looking
Batting: RHB Elias Urbina 0-0: Foul Ball, location: 2F
0-1: Ball
1-1: Called Strike
1-2: Ball
2-2: Strikes out swinging, 2-3 out at first.
Batting: LHB Joe Miller 0-0: Ball
1-0: Ball
2-0: Ball
3-0: Base on Balls
Batting: SHB Morgan Batson 0-0: Ball
1-0: Called Strike
Joe Miller steals 2nd base
1-1: Swinging Strike
1-2: DOUBLE (Line Drive, 7LM, EV 103.8 MPH)
Joe Miller scores
Batting: RHB Chris Kinder 0-0: Ground out 5-3 (Groundball, 56, EV 101.9 MPH)
Top of the 2nd over - 2 runs, 2 hits, 0 errors, 1 left on base; Boise 2 - Hillsboro 3
BOTTOM OF THE 2ND
Hillsboro Hops batting - Pitching for Boise Hawks : LHP Juan Rivera
Batting: RHB Jeremy Adams 0-0: Ground out 5-3 (Groundball, 5L, EV 108.1 MPH)
Batting: LHB Dillon Rizzuto 0-0: Swinging Strike
0-1: Swinging Strike
0-2: Ball
1-2: Ball
2-2: Ball
3-2: Foul Ball, location: 2F
3-2: Foul Ball, location: 2F
3-2: Fly out, F7 (Flyball, 7D, EV 107.5 MPH)
Batting: RHB Trevor Corey 0-0: Swinging Strike
0-1: Called Strike
0-2: Ball
1-2: Foul Ball, location: 2F
1-2: Strikes out looking
Bottom of the 2nd over - 0 runs, 0 hits, 0 errors, 0 left on base; Boise 2 - Hillsboro 3
TOP OF THE 3RD
Boise Hawks batting - Pitching for Hillsboro Hops : RHP John Gloe
Batting: LHB Steve Gilliam 0-0: Foul Ball, location: 2F
0-1: Ball
1-1: Foul Ball, location: 2F
1-2: Ball
2-2: Foul Ball, location: 2F
2-2: Foul Ball, location: 2F
2-2: Fly out, F7 (Line Drive, 78M, EV 90.6 MPH)
Batting: LHB Harry Folsom 0-0: Called Strike
0-1: Foul Ball, location: 2F
0-2: Ball
1-2: Ball
2-2: Strikes out swinging
Batting: LHB Chris Salim 0-0: Ball
1-0: Foul Ball, location: 2F
1-1: Ball
2-1: SOLO HOME RUN (Flyball, 9D, EV 101.2 MPH), Distance : 400 ft
Batting: RHB Ryan Rinaldi 0-0: Called Strike
0-1: Ball
1-1: Fly out, F9 (Flyball, 89D, EV 98.8 MPH)
Top of the 3rd over - 1 run, 1 hit, 0 errors, 0 left on base; Boise 3 - Hillsboro 3
BOTTOM OF THE 3RD
Hillsboro Hops batting - Pitching for Boise Hawks : LHP Juan Rivera
Batting: RHB Wen-hua Lei 0-0: Fly out, F8 (Line Drive, 8LD, EV 96.9 MPH)
Batting: LHB Soo-yeon Kym 0-0: Swinging Strike
0-1: Ball
1-1: Called Strike
1-2: Foul Ball, location: 2F
1-2: Ball
2-2: Strikes out looking
Batting: RHB Antonio Luisa 0-0: Foul Ball, location: 2F
0-1: Ball
1-1: Fly out, F7 (Flyball, 78M, EV 90.0 MPH)
Bottom of the 3rd over - 0 runs, 0 hits, 0 errors, 0 left on base; Boise 3 - Hillsboro 3
TOP OF THE 4TH
Boise Hawks batting - Pitching for Hillsboro Hops : RHP John Gloe
Batting: LHB Jeremy Brammer 0-0: Called Strike
0-1: Ball
1-1: Ground out 5-3 (Groundball, 6S, EV 80.0 MPH)
Batting: RHB Elias Urbina 0-0: Ball
1-0: Ball
2-0: Called Strike
2-1: Foul Ball, location: 2F
2-2: Ball
3-2: Foul Ball, location: 2F
3-2: Fly out, F3 (Line Drive, 3, EV 66.9 MPH)
Batting: LHB Joe Miller 0-0: Ball
1-0: Foul Ball, location: 2F
1-1: Ball
2-1: Ball
3-1: Called Strike
3-2: Foul Ball, location: 2F
3-2: Base on Balls
Batting: SHB Morgan Batson 0-0: Ball
1-0: Foul Ball, location: 2F
1-1: Foul Ball, location: 2F
1-2: Strikes out swinging
Top of the 4th over - 0 runs, 0 hits, 0 errors, 1 left on base; Boise 3 - Hillsboro 3
BOTTOM OF THE 4TH
Hillsboro Hops batting - Pitching for Boise Hawks : LHP Juan Rivera
Batting: RHB Ian Sousa 0-0: Ball
1-0: Ball
2-0: Foul Ball, location: 2F
2-1: Foul Ball, location: 2F
2-2: SINGLE (Line Drive, 7S, EV 94.4 MPH)
Batting: RHB Josh Burrows 0-0: Ball
1-0: Ball
2-0: Ball
3-0: Called Strike
3-1: Foul Ball, location: 2F
3-2: Strikes out swinging
Ian Sousa steals 2nd base
Batter strikes out.
Batting: SHB Blaine Peters 0-0: Called Strike
0-1: Foul Ball, location: 2F
0-2: Strikes out swinging
Batting: RHB Jeremy Adams 0-0: Foul Ball, location: 2F
0-1: Foul Ball, location: 2F
0-2: Ball
1-2: Ground out 6-3 (Groundball, 6, EV 79.4 MPH)
Bottom of the 4th over - 0 runs, 1 hit, 0 errors, 1 left on base; Boise 3 - Hillsboro 3
TOP OF THE 5TH
Boise Hawks batting - Pitching for Hillsboro Hops : RHP John Gloe
Batting: RHB Chris Kinder 0-0: Ground out 5-3 (Groundball, 5, EV 99.4 MPH)
Batting: LHB Steve Gilliam 0-0: Foul Ball, location: 2F
0-1: Foul Ball, location: 2F
0-2: Hit by Pitch
Batting: LHB Harry Folsom 0-0: Ball
1-0: Ball
2-0: Ball
3-0: Called Strike
3-1: Fielders Choice at 2nd, 3-6 (Groundball, 3, EV 83.8 MPH)
Batting: LHB Chris Salim 0-0: Ball
1-0: Foul Ball, location: 2F
1-1: Foul Ball, location: 2F
1-2: Foul Ball, location: 2F
1-2: Ball
Harry Folsom steals 2nd base
2-2: Fly out, F7 (Flyball, 7LS, EV 95.0 MPH)
Top of the 5th over - 0 runs, 0 hits, 0 errors, 1 left on base; Boise 3 - Hillsboro 3
BOTTOM OF THE 5TH
Hillsboro Hops batting - Pitching for Boise Hawks : LHP Juan Rivera
Batting: LHB Dillon Rizzuto 0-0: Ball
1-0: Called Strike
1-1: Ball
2-1: Ball
3-1: Base on Balls
Batting: RHB Trevor Corey 0-0: Called Strike
0-1: Swinging Strike
0-2: Strikes out swinging
Batting: RHB Wen-hua Lei 0-0: Foul Ball, location: 2F
0-1: Ball
1-1: Foul Ball, location: 2F
1-2: Ball
2-2: DOUBLE (Line Drive, 3D, EV 98.8 MPH)
Dillon Rizzuto to third
Pitching: RHP Jim Crooks
Batting: LHB Soo-yeon Kym 0-0: Ball
1-0: Called Strike
1-1: Foul Ball, location: 2F
1-2: Ball
2-2: Ball
3-2: Base on Balls
Batting: RHB Antonio Luisa 0-0: Foul Ball, location: 2F
0-1: SINGLE (Groundball, 56D, EV 94.4 MPH)
Dillon Rizzuto scores
Wen-hua Lei to third
Soo-yeon Kym to second
Batting: RHB Ian Sousa 0-0: Ball
1-0: Fly out, F7 (Line Drive, 7, EV 89.4 MPH)
Batting: RHB Josh Burrows 0-0: Foul Ball, location: 2F
0-1: Swinging Strike
0-2: SINGLE (Groundball, 4M, EV 97.5 MPH)
Wen-hua Lei scores
Soo-yeon Kym to third
Antonio Luisa to second
Runner from 3rd tries for Home, SAFE, throw by CF to home
Batting: SHB Blaine Peters 0-0: Fielders Choice at 2nd, 5-4 (Groundball, 56, EV 78.1 MPH)
Bottom of the 5th over - 3 runs, 3 hits, 0 errors, 2 left on base; Boise 3 - Hillsboro 6
TOP OF THE 6TH
Boise Hawks batting - Pitching for Hillsboro Hops : RHP John Gloe
Pitching: RHP Kevin Prior
Batting: RHB Ryan Rinaldi 0-0: Called Strike
0-1: Called Strike
0-2: Ball
1-2: Foul Ball, location: 2F
1-2: Foul Ball, location: 2F
1-2: Strikes out swinging
Batting: LHB Jeremy Brammer 0-0: Ball
1-0: Called Strike
1-1: Swinging Strike
1-2: Fly out, F8 (Line Drive, 8LM, EV 85.0 MPH)
Batting: RHB Elias Urbina 0-0: Ball
1-0: Ball
2-0: Called Strike
2-1: Foul Ball, location: 2F
2-2: Strikes out swinging
Top of the 6th over - 0 runs, 0 hits, 0 errors, 0 left on base; Boise 3 - Hillsboro 6
BOTTOM OF THE 6TH
Hillsboro Hops batting - Pitching for Boise Hawks : RHP Jim Crooks
Batting: RHB Jeremy Adams 0-0: Ball
1-0: Ball
2-0: Swinging Strike
2-1: Fly out, F9 (Flyball, 9, EV 91.9 MPH)
Batting: LHB Dillon Rizzuto 0-0: Foul Ball, location: 2F
0-1: Foul Ball, location: 2F
0-2: Ball
1-2: Strikes out swinging
Batting: RHB Trevor Corey 0-0: Ball
1-0: Called Strike
1-1: Called Strike
1-2: Foul Ball, location: 2F
1-2: Foul Ball, location: 2F
1-2: Foul Ball, location: 2F
1-2: Ground out 6-3 (Groundball, 6, EV 103.1 MPH)
Bottom of the 6th over - 0 runs, 0 hits, 0 errors, 0 left on base; Boise 3 - Hillsboro 6
TOP OF THE 7TH
Boise Hawks batting - Pitching for Hillsboro Hops : RHP Kevin Prior
Batting: LHB Joe Miller 0-0: Called Strike
0-1: Swinging Strike
0-2: Ball
1-2: Ball
2-2: Foul Ball, location: 2F
2-2: SINGLE (Line Drive, 9LS, EV 97.5 MPH)
Batting: SHB Morgan Batson 0-0: Ball
1-0: DOUBLE (Line Drive, 78D, EV 111.9 MPH)
Joe Miller to third
Runner from 3rd tries for Home, throw by LF and OUT! 7-6-2
Morgan Batson to third
Batting: RHB Chris Kinder 0-0: Ball
1-0: Called Strike
1-1: Ball
2-1: Foul Ball, location: 2F
2-2: SINGLE (Flyball, 9LS, EV 96.2 MPH)
Morgan Batson scores
Batting: LHB Steve Gilliam 0-0: Foul Ball, location: 2F
0-1: Ball
1-1: Swinging Strike
1-2: Ball
2-2: Strikes out swinging
Batting: LHB Harry Folsom 0-0: Ball
1-0: Ball
2-0: Foul Ball, location: 2F
2-1: Fly out, F5 (Popup, 5SF, EV 70.6 MPH)
Top of the 7th over - 1 run, 3 hits, 0 errors, 1 left on base; Boise 4 - Hillsboro 6
BOTTOM OF THE 7TH
Hillsboro Hops batting - Pitching for Boise Hawks : RHP Jim Crooks
Pitching: RHP Angelo Ayala
Batting: RHB Wen-hua Lei 0-0: Ball
1-0: Swinging Strike
1-1: Called Strike
1-2: Ball
2-2: Reached on error, E4 (Groundball, 34D, EV 88.8 MPH)
Batting: LHB Soo-yeon Kym 0-0: Ball
1-0: Called Strike
Wen-hua Lei steals 2nd base (no throw)
1-1: Swinging Strike
1-2: Ball
2-2: Ball
3-2: Base on Balls
Batting: RHB Antonio Luisa 0-0: Called Strike
Soo-yeon Kym is caught stealing 2nd base 2-4
Wen-hua Lei advances to 3rd base
0-1: Swinging Strike
0-2: Ball
1-2: Ball
2-2: Ground out U3 (Groundball, 34S, EV 88.1 MPH)
Batting: RHB Ian Sousa 0-0: Swinging Strike
0-1: Swinging Strike
0-2: Ball
1-2: Ball
2-2: Ball
3-2: Foul Ball, location: 2F
3-2: Strikes out swinging
Bottom of the 7th over - 0 runs, 0 hits, 1 error, 1 left on base; Boise 4 - Hillsboro 6
TOP OF THE 8TH
Boise Hawks batting - Pitching for Hillsboro Hops : RHP Kevin Prior
Pitching: LHP Jeff Haight
Batting: LHB Chris Salim 0-0: Called Strike
0-1: Foul Ball, location: 2F
0-2: Ball
1-2: SINGLE (Groundball, 34D, EV 103.1 MPH)
Pitching: RHP Jaden Peterson
Batting: RHB Ryan Rinaldi 0-0: Ball
1-0: Called Strike
1-1: Ball
2-1: Foul Ball, location: 2F
2-2: Ball
3-2: 2-RUN HOME RUN (Flyball, 9LD, EV 98.1 MPH), Distance : 355 ft
Pitching: RHP Phil Holmes
Batting: LHB Jeremy Brammer 0-0: Ball
1-0: Called Strike
1-1: Ball
2-1: Foul Ball, location: 2F
2-2: Strikes out swinging
Batting: RHB Elias Urbina 0-0: Called Strike
0-1: Called Strike
0-2: Foul Ball, location: 2F
0-2: Foul Ball, location: 2F
0-2: Ball
1-2: Strikes out swinging
Batting: LHB Joe Miller 0-0: Ball
1-0: Ground out 1-3 (Groundball, 23, EV 66.9 MPH)
Top of the 8th over - 2 runs, 2 hits, 0 errors, 0 left on base; Boise 6 - Hillsboro 6
BOTTOM OF THE 8TH
Hillsboro Hops batting - Pitching for Boise Hawks : RHP Angelo Ayala
Pitching: RHP Davon Ware
Batting: RHB Josh Burrows 0-0: Ball
1-0: Ball
2-0: Foul Ball, location: 2F
2-1: Swinging Strike
2-2: Ball
3-2: Base on Balls
Batting: SHB Blaine Peters 0-0: Ball
1-0: Bunted foul
1-1: Bunted foul
1-2: Foul Ball, location: 2F
1-2: Fielders Choice at 2nd, 3-6 (Groundball, 3S, EV 86.2 MPH)
Batting: RHB Jeremy Adams 0-0: Called Strike
Blaine Peters steals 2nd base
0-1: Fly out, F7 (Flyball, 7LD, EV 103.1 MPH)
Batting: LHB Dillon Rizzuto 0-0: Swinging Strike
0-1: Called Strike
0-2: Ball
1-2: Ball
Wild Pitch!
Blaine Peters to third
2-2: Ball
3-2: Strikes out swinging
Bottom of the 8th over - 0 runs, 0 hits, 0 errors, 1 left on base; Boise 6 - Hillsboro 6
TOP OF THE 9TH
Boise Hawks batting - Pitching for Hillsboro Hops : RHP Phil Holmes
Batting: SHB Morgan Batson 0-0: Called Strike
0-1: Fly out, F7 (Line Drive, 7LS, EV 86.9 MPH)
Batting: RHB Chris Kinder 0-0: SINGLE (Groundball, 56D, EV 95.6 MPH)
Batting: LHB Steve Gilliam 0-0: Ball
1-0: Swinging Strike
1-1: Called Strike
1-2: Foul Ball, location: 2F
1-2: Foul Ball, location: 2F
1-2: Foul Ball, location: 2F
1-2: Strikes out swinging
Batting: LHB Harry Folsom 0-0: Called Strike
0-1: SINGLE (Groundball, 4MD, EV 100.6 MPH)
Chris Kinder to second
Batting: LHB Chris Salim 0-0: Foul Ball, location: 2F
0-1: Swinging Strike
0-2: Ball
1-2: Foul Ball, location: 2F
1-2: Foul Ball, location: 2F
1-2: Strikes out swinging
Top of the 9th over - 0 runs, 2 hits, 0 errors, 2 left on base; Boise 6 - Hillsboro 6
BOTTOM OF THE 9TH
Hillsboro Hops batting - Pitching for Boise Hawks : RHP Davon Ware
Pitching: RHP Josh Blaschke
Batting: RHB Trevor Corey 0-0: Called Strike
0-1: Called Strike
0-2: Ball
1-2: Ball
2-2: Strikes out swinging
Batting: RHB Wen-hua Lei 0-0: Ball
1-0: Ground out 4-3 (Groundball, 4, EV 106.9 MPH)
Batting: LHB Soo-yeon Kym 0-0: Ball
1-0: Ball
2-0: Foul Ball, location: 2F
2-1: Ball
3-1: Base on Balls
Batting: RHB Antonio Luisa 0-0: 2-RUN HOME RUN (Line Drive, 7D, EV 111.9 MPH), Distance : 418 ft
Bottom of the 9th over - 2 runs, 1 hit, 0 errors, 0 left on base; Boise 6 - Hillsboro 8
Tuesday, September 13th , 2022 - OOTP Baseball 23.7 Build 88